 Dungeon Crawl Stone Soup version 0.18.1-48-g4cf74bf (webtiles) character file.

209 juanjsm the Changer (level 5, -2/34 HPs)
             Began as an Octopode Transmuter on July 1, 2016.
             Slain by a giant frog (5 damage)
             ... in a sewer.
             The game lasted 00:13:11 (2326 turns).

juanjsm the Changer (Octopode Transmuter)           Turns: 2326, Time: 00:13:12

Health: -2/34      AC:  2    Str:  9    XL:     5   Next: 87%
Magic:  6/9        EV: 24    Int: 17    God:
Gold:   120        SH:  0    Dex: 17    Spells: 2 memorised, 6 levels left

rFire  . . .     SeeInvis .       - Unarmed
rCold  + . .     Gourm    .     (shield currently unavailable)
rNeg   . . .     Faith    .     (helmet currently unavailable)
rPois  x         Spirit   .     (no amulet)
rElec  .         Dismiss  .     i - +5 ring of evasion
rCorr  +         Reflect  .     k - ring of resist corrosion
SustAt .         Harm     .     n - ring of protection from cold
MR     .....                    (no ring)
Stlth  +++.......               (no ring)
                                (no ring)
                                (no ring)
                                (no ring)

@: spider-form, not resistant to hostile enchantments, fairly stealthy
A: almost no armour, (amphibious), 8 rings, (constrict 8), (camouflage 0),
(gelatinous body 0)
a: End Transformation


You were in a sewer.
You were hungry.
You were a venomous arachnid creature.
You visited 1 branch of the dungeon, and saw 3 of its levels.
You also visited: Sewer.

You collected 120 gold pieces.

Inventory:

Missiles
 a - 59 arrows
 r - 7 steel javelins (quivered)
Jewellery
 i - a +5 ring of evasion (left front leg)
 k - a ring of resist corrosion (right front leg)
 n - a ring of protection from cold (on tentacle)
Scrolls
 e - a scroll of fear {unknown}
 f - a scroll of immolation {unknown}
 h - 2 scrolls of noise {unknown}
 l - 2 scrolls of identify {unknown}
 o - a scroll of amnesia {unknown}
 p - a scroll of enchant weapon {unknown}
 q - 2 scrolls of teleportation {unknown}
 s - a scroll of fog {unknown}
Potions
 d - a potion of flight
Books
 b - a book of Changes

   Spells                             Type                      Level
   a - Beastly Appendage              Transmutation                1
   b - Sticks to Snakes               Transmutation                2
   c - Spider Form                    Transmutation/Poison         3
   d - Ice Form                       Ice/Transmutation            4
   e - Blade Hands                    Transmutation                5
Comestibles
 c - 3 bread rations
 g - a slice of pizza
 j - 19 chunks of flesh
 m - a beef jerky


   Skills:
 - Level 1.9 Fighting
 - Level 2.0 Dodging
 - Level 3.6 Unarmed Combat
 + Level 3.0 Spellcasting
 * Level 4.5 Transmutations


You had 6 spell levels left.
You knew the following spells:

 Your Spells              Type           Power        Failure   Level  Hunger
a - Beastly Appendage     Trmt           ###...       10%         1    None
b - Spider Form           Trmt/Pois      ##........   41%         3    ###....


Dungeon Overview and Level Annotations

Branches:
Dungeon (3/15)

Altars:


Innate Abilities, Weirdness & Mutations

You cannot wear most types of armour.
((You are amphibious.))
You can wear up to eight rings at the same time.
((You can use your tentacles to constrict eight enemies at once.))
((Your skin changes colour to match your surroundings (Stealth).))
((Your rubbery body absorbs attacks (AC +1).))


Message History

The giant frog is lightly wounded.
The giant frog closely misses you. The giant frog hits you.
You tentacle-slap the giant frog. Your grab misses the giant frog.
The giant frog is moderately wounded.
The giant frog barely misses you.
Casting: Beastly Appendage
Confirm with . or Enter, or press ? or * to list all spells.
Your tentacle spike disappears.
You turn into a venomous arachnid creature.
The giant frog hits you!
* * * LOW HITPOINT WARNING * * *
You are too injured to fight recklessly!
Your unstable footing causes you to fumble your attack.
The giant frog completely misses you. The giant frog misses you.
Your unstable footing causes you to fumble your attack.
The giant frog barely misses you.
You hit the giant frog.
The giant frog is heavily wounded.
The giant frog barely misses you. The giant frog hits you.
You die...

###.∩..≈÷≈≈≈≈≈.≈≈≈#
##≈...≈#########≈≈≈#
#∩≈≈####≈≈≈≈≈≈≈≈≈≈.####
#####≈≈..#####≈≈≈≈≈#.≈##
##≈≈.≈≈≈.#≈∩≈#######≈.≈####
##≈≈.≈≈####.≈.≈≈...#..≈.≈≈.##
#≈≈≈≈###≈≈≈≈≈≈≈≈..≈##≈≈#≈≈.≈##
≈≈≈≈##≈≈≈≈≈#######≈≈#≈≈##≈≈≈≈#
≈≈≈##≈.≈≈###≈≈≈≈s#≈≈##≈≈##≈≈.##
≈÷≈#≈≈.≈##≈≈≈..≈F÷.≈≈#≈≈≈#.≈≈≈#
≈≈##.≈≈##≈≈≈≈≈..≈.≈≈≈#...##≈≈≈##
≈≈#≈≈..# ≈.≈≈.≈.%≈≈≈.#≈..≈#≈≈≈.#
≈≈#≈≈≈≈# .≈≈≈≈.[...≈≈#.≈≈≈#.≈.∩#
≈≈#≈≈≈.# ≈≈≈≈.$?).≈≈≈#≈≈≈≈#≈≈≈.#
≈≈##.≈≈##≈≈≈.≈...≈≈≈##≈.≈##.≈.##
≈≈≈#≈≈≈≈##≈≈≈≈≈≈.≈≈##≈≈≈.#≈≈≈≈#
≈≈≈##≈≈.≈###≈≈≈≈≈###≈≈..##≈≈≈##


You could see a giant frog.

Vanquished Creatures
  4 adders
  13 oozes
  2 worms
  A dart slug (D:2)
  10 giant geckos
  15 giant cockroaches
  A goblin (D:2)
  10 hobgoblins
  2 jackals (D:2)
  A quokka (D:3)
  12 ball pythons
  5 bats
  12 giant newts
  3 kobolds
  8 rats
99 creatures vanquished.

Vanquished Creatures (others)
  An adder (D:2)
1 creature vanquished.

Grand Total: 100 creatures vanquished

Notes
Turn   | Place    | Note
--------------------------------------------------------------
     0 | D:1      | juanjsm the Octopode Transmuter began the quest for the Orb.
     0 | D:1      | Reached XP level 1. HP: 13/13 MP: 3/3
   309 | D:1      | Reached XP level 2. HP: 18/18 MP: 3/5
   568 | D:1      | Reached XP level 3. HP: 24/24 MP: 4/6
   573 | D:1      | Learned a level 3 spell: Spider Form
  1214 | D:2      | Reached skill level 3 in Transmutations
  1214 | D:2      | Reached XP level 4. HP: 13/29 MP: 5/7
  1222 | D:2      | HP: 1/29 [poisoned by an adder]
  1849 | D:3      | Found a glowing drain.
  1853 | Sewer    | Entered a sewer
  1929 | Sewer    | Reached XP level 5. HP: 20/34 MP: 9/9
  2111 | Sewer    | Reached skill level 4 in Transmutations
  2326 | Sewer    | Slain by a giant frog

Skill      XL: |  1  2  3  4  5 |
---------------+----------------+-----
Transmutations | 3 4 |  4.5
Spellcasting   | 3 |  3.0
Fighting       | |  1.9
Dodging        | |  2.0
Unarmed Combat | |  3.6

Action                   |  1- 3 |  4- 6 || total
-------------------------+-------+-------++-------
Melee: Unarmed           |    96 |   166 ||   262
       Constrict         |    26 |    34 ||    60
       Kick              |    17 |    30 ||    47
       Tentacles         |     4 |    28 ||    32
       Punch             |     1 |     4 ||     5
 Cast: Beastly Appendage |    21 |    21 ||    42
       Spider Form       |       |     1 ||     1
  Use: Potion            |       |     4 ||     4
 Stab: Sleeping          |     7 |     5 ||    12
  Eat: Chunk             |     1 |     4 ||     5
Armor: Skin              |    13 |     7 ||    20
Dodge: Dodged            |    49 |   148 ||   197
